AoeStats
← Po

Arabia

503724672Analyzed
1v1 RM · 1mo ago on Sep 2, 2026· 33m 21s· 2 players
Game mode
Random Map
Map size
Tiny (2 player)
Population
200
Speed
Normal
Resources
Standard
Victory
Conquest
Starting age
Dark Age
Ending age
Imperial Age
RankedLock teamsTeams togetherTeam positionsShared explorationLock speedFull tech treeHidden civsTurbo modeCheats
Victory
Defeat
🇲🇽 Wei · Mexico
993
+16
🇺🇸 Saracens · United States
1000
-49
OWL | Dr. Jesucristotl II
2:35 Loom
2:52 Loom
10:31 Feudal Age
11:12 Double-Bit Axe
11:10 Horse Collar
11:52 Town Watch
19:29 Gold Mining
22:45 Castle Age
21:14 Stone Mining
22:49 Bloodlines
22:47 Scale Barding Armor
22:53 Forging
23:41 Bow Saw
23:35 Heavy Plow
27:17 Chain Barding Armor
29:56 Iron Casting
30:09 Husbandry
34:04 Gold Shaft Mining
Po
12:25 Feudal Age
14:45 Double-Bit Axe
14:46 Horse Collar
26:38 Castle Age
27:25 Elite Skirmisher
30:14 Pikeman
Connection lost

Rejoining the realm…

Still unreachable

The connection could not be restored.

Session expired

The server has moved on; the page needs a fresh start.